Workbook

Sheet Прил 1
B1: Приложение 1
B2: к проекту решения Совета депутатов Трофимовщинского сельского поселения Ромодановского муниципального района Республики Мордовия "О бюджете Трофимовщинского сельского поселения Ромодановского муниципального района Республики Мордовия на 2023 год и на плановый период 2024 и 2025 годов"
A3: НОРМАТИВЫ РАСПРЕДЕЛЕНИЯ ДОХОДОВ МЕЖДУ БЮДЖЕТОМ ТРОФИМОВЩИНСКОГО СЕЛЬСКОГО ПОСЕЛЕНИЯ РОМОДАНОВСКОГО МУНИЦИПАЛЬНОГО РАЙОНА РЕСПУБЛИКИ МОРДОВИЯ И БЮДЖЕТОМ РОМОДАНОВСКОГО МУНИЦИПАЛЬНОГО РАЙОНА РЕСПУБЛИКИ МОРДОВИЯ НА 2023 ГОД И НА ПЛАНОВЫЙ ПЕРИОД 2024 И 2025 ГОДОВ (в процентах от сумм, зачисляемых в консолидированный бюджет Трофимовщинского сельского поселения Ромодановского муниципального района Республики Мордовия)
A5: Наименование дохода | B5: Местные бюджеты,%
B6: Бюджет поселение
A7: 1 | B7: 3
A8: Доходы от федеральных налогов и сборов
A9: В части погашения задолженности и перерасчетов по отмененным налогам, сборам и иным обязательным платежам
A10: Земельный налог (по обязательствам, возникшим до 1 января 2006 года), мобилизуемый на территориях поселений | B10: 100
A11: Налог с продаж | B11: 0
A12: Налог, взимаемый в виде стоимости патента в связи с применением упрощенной системы налогообложения (за налоговые периоды с 1 января 2011 года по 1 января 2013 года) | B12: 0
A13: Налог на рекламу | B13: 0
A14: Целевые сборы с граждан и предприятий, учреждений, организаций на содержание милиции, на благоустройство территорий, на нужды образования и другие цели | B14: 0
A15: Лицензионный сбор за право торговли спиртными напитками | B15: 0
A16: Прочие местные налоги и сборы | B16: 0
A17: В части доходов от оказания платных услуг (работ) и компенсации затрат государства
A18: Прочие доходы от оказания платных услуг (работ) получателями средств бюджетов муниципальных районов | B18: 0
A19: Прочие доходы от оказания платных услуг (работ) получателями средств бюджетов поселений | B19: 100
A20: Прочие доходы от компенсации затрат бюджетов муниципальных районов | B20: 0
A21: Прочие доходы от компенсации затрат бюджетов поселений | B21: 100
A22: В части административных платежей и сборов
A23: Платежи, взимаемые органами местного самоуправления (организациями) муниципальных районов за выполнение определенных функций | B23: 0
A24: Платежи, взимаемые органами местного самоуправления (организациями) поселений за выполнение определенных функций | B24: 100
A25: В части штрафов, санкций, возмещение ущерба
A26: Доходы от возмещения ущерба при возникновении страховых случаев, когда выгодоприобретателями выступают получатели средств бюджетов муниципальных районов | B26: 0
A27: Доходы от возмещения ущерба при возникновении страховых случаев, когда выгодоприобретателями выступают получатели средств бюджетов поселений | B27: 100
A28: Денежные взыскания (штрафы) и иные суммы, взыскиваемые с лиц, виновных в совершении преступлений, и в возмещение ущерба имуществу, зачисляемые в бюджеты муниципальных районов | B28: 0
A29: Денежные взыскания (штрафы) и иные суммы, взыскиваемые с лиц, виновных в совершении преступлений, и в возмещение ущерба имуществу, зачисляемые в бюджеты поселений | B29: 100
A30: Денежные взыскания, налагаемые в возмещение ущерба, причиненного в результате незаконного или нецелевого использования бюджетных средств (в части бюджетов муниципальных районов) | B30: 0
A31: Денежные взыскания, налагаемые в возмещение ущерба, причиненного в результате незаконного или нецелевого использования бюджетных средств (в части бюджетов поселений) | B31: 100
A32: Прочие поступления от денежных взысканий (штрафов) и иных сумм в возмещение ущерба, зачисляемые в бюджеты муниципальных районов | B32: 0
A33: Прочие поступления от денежных взысканий (штрафов) и иных сумм в возмещение ущерба, зачисляемые в бюджеты поселений | B33: 100
A34: В части прочих неналоговых доходов
A35: Невыясненные поступления, зачисляемые в бюджеты муниципальных районов | B35: 0
A36: Невыясненные поступления, зачисляемые в бюджеты поселений | B36: 100
A37: Прочие неналоговые доходы бюджетов муниципальных районов | B37: 0
A38: Прочие неналоговые доходы бюджетов поселений | B38: 100

Sheet Приложение 2
C1: Приложение 2 к проекту решения Совета депутатов Трофимовщинского сельского поселения Ромодановского муниципального района Республики Мордовия «О бюджете Трофимовщинского сельского поселения Ромодановского муниципального района Республики Мордовия на 2023 год и на плановый период 2024 и 2025 годов»
A6: ОБЪЕМ БЕЗВОЗМЕЗДНЫХ ПОСТУПЛЕНИЙ В БЮДЖЕТ ТРОФИМОВЩИНСКОГО СЕЛЬСКОГО ПОСЕЛЕНИЯ РОМОДАНОВСКОГО МУНИЦИПАЛЬНОГО РАЙОНА РЕСПУБЛИКИ МОРДОВИЯ НА 2023 ГОД И НА ПЛАНОВЫЙ ПЕРИОД 2024 И 2025 ГОДОВ
E7: (тыс. рублей)
A8: Код | B8: Наименование | C8: Сумма
C9: 2023 год | D9: 2024 год | E9: 2025 год
A10: 1 | B10: 2 | C10: 3 | D10: 4 | E10: 5
A11: 2 00 00000 00 0000 000 | B11: БЕЗВОЗМЕЗДНЫЕ ПОСТУПЛЕНИЯ | C11: =C13+C18 -> 314.5 | D11: =D13+D18 -> 317.7 | E11: =E13+E18 -> 317.7
A12: 2 02 00000 00 0000 000 | B12: Безвозмездные поступления от других бюджетов бюджетной системы Российской Федерации | C12: =C13+C18 -> 314.5 | D12: =D13+D18 -> 317.7 | E12: =E13+E18 -> 317.7
A13: 2 02 30000 00 0000 150 | B13: Субвенции бюджетам бюджетной системы Российской Федерации | C13: =C14+C16 -> 93 | D13: =D14+D16 -> 96.2 | E13: =E14+E16 -> 96.2
A14: 2 02 30024 00 0000 150 | B14: Субвенции местным бюджетам на выполнение передаваемых полномочий субъектов Российской Федерации | C14: =C15 -> 0.2 | D14: =D15 -> 0.2 | E14: =E15 -> 0.2
A15: 2 02 30024 10 0000 150 | B15: Субвенции бюджетам сельских поселений на выполнение передаваемых полномочий субъектов Российской Федерации | C15: 0.2 | D15: 0.2 | E15: 0.2
A16: 2 02 35118 00 0000 150 | B16: Субвенции бюджетам на осуществление первичного воинского учета органами местного самоуправлегия поселений,муниципальных и городских округов | C16: =C17 -> 92.8 | D16: =D17 -> 96 | E16: =E17 -> 96
A17: 2 02 35118 10 0000 150 | B17: Субвенции бюджетам сельских поселений на осуществление первичного воинского учета органами местного самоуправлегия поселений,муниципальных и городских округов | C17: 92.8 | D17: 96 | E17: 96
A18: 2 02 40000 00 0000 150 | B18: Иные межбюджетные трансферты | C18: =C19 -> 221.5 | D18: =D19 -> 221.5 | E18: =E19 -> 221.5
A19: 2 02 40014 00 0000 150 | B19: Межбюджетные трансферты, передаваемые бюджетам муниципальных образований на осуществление части полномочий по решению вопросов местного значения в соответствии с заключенными соглашениями | C19: =C20 -> 221.5 | D19: =D20 -> 221.5 | E19: =E20 -> 221.5
A20: 2 02 40014 10 0000 150 | B20: Межбюджетные трансферты, передаваемые бюджетам сельских поселений из бюджетов муниципальных районов на осуществление части полномочий по решению вопросов местного значения в соответствии с заключенными соглашениями | C20: 221.5 | D20: 221.5 | E20: 221.5

Sheet Приложение 3
I1: Приложение 3 к проекту решения Совета депутатов Трофимовщинского сельского поселения Ромодановского муниципального района Республики Мордовия «О бюджете Трофимовщинского сельского поселения Ромодановского муниципального района Республики Мордовия на 2023 год и на плановый период 2024 и 2025 годов»
A2: ВЕДОМСТВЕННАЯ СТРУКТУРА РАСХОДОВ БЮДЖЕТА ТРОФИМОВЩИНСКОГО СЕЛЬСКОГО ПОСЕЛЕНИЯ РОМОДАНОВСКОГО МУНИЦИПАЛЬНОГО РАЙОНА РЕСПУБЛИКИ МОРДОВИЯ НА 2023 ГОД И НА ПЛАНОВЫЙ ПЕРИОД 2024 И 2025 ГОДОВ
I3: (тыс. рублей)
A4: Наименование | B4: Адм | C4: Рз | D4: Прз | E4: Цср | I4: Вр | J4: Сумма
J5: 2023 год | K5: 2024 год | L5: 2025 год
A6: 1 | B6: 2 | C6: 3 | D6: 4 | E6: 5 | F6: 6 | G6: 7 | H6: 8 | I6: 9 | J6: 10 | K6: 11 | L6: 12
A7: Администрация Трофимовщинского сельского поселения Ромодановского муниципального района Республики Мордовия | B7: 924 | J7: =J8+J37+J47+J54+J61 -> 1272.4 | K7: =K8+K37+K47+K54+K61+K68 -> 1286.6 | L7: =L8+L37+L47+L54+L61+L68 -> 1299.4
A8: Общегосударственные вопросы | B8: 924 | C8: 01 | J8: =J9+J15+J31 -> 650.4 | K8: =K9+K15+K31 -> 631.6 | L8: =L9+L15+L31 -> 614
A9: Функционирование высшего должностного лица субъекта Российской Федерации и муниципального образования | B9: 924 | C9: 01 | D9: 02 | J9: =J10 -> 200 | K9: =K10 -> 170.2 | L9: =L10 -> 139.8
A10: Обеспечение деятельности Администрации Трофимовщинского сельского поселения Ромодановского муниципального района Республики Мордовия | B10: 924 | C10: 01 | D10: 02 | E10: 65 | J10: =J11 -> 200 | K10: =K11 -> 170.2 | L10: =L11 -> 139.8
A11: Высшее должностное лицо | B11: 924 | C11: 01 | D11: 02 | E11: 65 | F11: 1 | J11: =J12 -> 200 | K11: =K12 -> 170.2 | L11: =L12 -> 139.8
A12: Расходы на выплаты по оплате труда высшего должностного лица | B12: 924 | C12: 01 | D12: 02 | E12: 65 | F12: 1 | G12: 00 | H12: 41150 | J12: =J13 -> 200 | K12: =K13 -> 170.2 | L12: =L13 -> 139.8
A13: Расходы на выплаты персоналу в целях обеспечения выполнения функций государственными (муниципальными) органами, казенными учреждениями, органами управления государственными внебюджетными фондами | B13: 924 | C13: 01 | D13: 02 | E13: 65 | F13: 1 | G13: 00 | H13: 41150 | I13: 100 | J13: =J14 -> 200 | K13: =K14 -> 170.2 | L13: =L14 -> 139.8
A14: Расходы на выплаты персоналу государственных (муниципальных) органов | B14: 924 | C14: 01 | D14: 02 | E14: 65 | F14: 1 | G14: 00 | H14: 41150 | I14: 120 | J14: 200 | K14: 170.2 | L14: 139.8
A15: Функционирование Правительства Российской Федерации, высших исполнительных органов государственной власти субъектов Российской Федерации, местных администраций | B15: 924 | C15: 01 | D15: 04 | J15: =J16+J26 -> 445.4 | K15: =K16+K26 -> 456.4 | L15: =L16+L26 -> 469.2
A16: =A10 -> Обеспечение деятельности Администрации Трофимовщинского сельского поселения Ромодановского муниципального района Республики Мордовия | B16: 924 | C16: 01 | D16: 04 | E16: 65 | J16: =J17 -> 445.2 | K16: =K17 -> 456.2 | L16: =L17 -> 469
A17: Расходы в рамках обеспечения деятельности Администрации Трофимовщинского сельского поселения | B17: 924 | C17: 01 | D17: 04 | E17: 65 | F17: 2 | J17: =J18+J21 -> 445.2 | K17: =K18+K21 -> 456.2 | L17: =L18+L21 -> 469
A18: Расходы на выплаты по оплате труда работников органов местного самоуправления | B18: 924 | C18: 01 | D18: 04 | E18: 65 | F18: 2 | G18: 00 | H18: 41110 | J18: =J19 -> 300 | K18: =K19 -> 300 | L18: =L19 -> 300
A19: Расходы на выплаты персоналу в целях обеспечения выполнения функций государственными (муниципальными) органами, казенными учреждениями, органами управления государственными внебюджетными фондами | B19: 924 | C19: 01 | D19: 04 | E19: 65 | F19: 2 | G19: 00 | H19: 41110 | I19: 100 | J19: =J20 -> 300 | K19: =K20 -> 300 | L19: =L20 -> 300
A20: Расходы на выплаты персоналу государственных (муниципальных) органов | B20: 924 | C20: 01 | D20: 04 | E20: 65 | F20: 2 | G20: 00 | H20: 41110 | I20: 120 | J20: 300 | K20: 300 | L20: 300
A21: Расходы на обеспечение функций органов местного самоуправления | B21: 924 | C21: 01 | D21: 04 | E21: 65 | F21: 2 | G21: 00 | H21: 41120 | J21: =+J22+J24 -> 145.2 | K21: =+K22+K24 -> 156.2 | L21: =+L22+L24 -> 169
A22: Закупка товаров, работ и услуг для обеспечения государственных (муниципальных) нужд | B22: 924 | C22: 01 | D22: 04 | E22: 65 | F22: 2 | G22: 00 | H22: 41120 | I22: 200 | J22: =J23 -> 142.2 | K22: =K23 -> 153.2 | L22: =L23 -> 166
A23: Иные закупки товаров, работ и услуг для обеспечения государственных (муниципальных) нужд | B23: 924 | C23: 01 | D23: 04 | E23: 65 | F23: 2 | G23: 00 | H23: 41120 | I23: 240 | J23: 142.2 | K23: 153.2 | L23: 166
A24: Иные бюджетные ассигнования | B24: 924 | C24: 01 | D24: 04 | E24: 65 | F24: 2 | G24: 00 | H24: 41120 | I24: 800 | J24: =J25 -> 3 | K24: =K25 -> 3 | L24: =L25 -> 3
A25: Уплата налогов, сборов и иных платежей | B25: 924 | C25: 01 | D25: 04 | E25: 65 | F25: 2 | G25: 00 | H25: 41120 | I25: 850 | J25: 3 | K25: 3 | L25: 3
A26: Непрограммные расходы главных распорядителей средств бюджета Трофимовщинского сельского поселения Ромодановского муниципального района Республики Мордовия | B26: 924 | C26: 01 | D26: 04 | E26: 89 | J26: =J27 -> 0.2 | K26: =K27 -> 0.2 | L26: =L27 -> 0.2
A27: Непрограммные расходы в рамках обеспечения деятельности главных распорядителей средств бюджета Трофимовщинского сельского поселения Ромодановского муниципального района Республики Мордовия | B27: 924 | C27: 01 | D27: 04 | E27: 89 | F27: 1 | J27: =J28 -> 0.2 | K27: =K28 -> 0.2 | L27: =L28 -> 0.2
A28: Осуществление государственных полномочий Республики Мордовия по определению перечня должностных лиц, уполномоченных составлять протоколы об административных правонарушениях, предусмотренных Законом Республики Мордовия от 15 июня 2015 года № 38-З "Об административной ответственности на территории Республики Мордовия" | B28: 924 | C28: 01 | D28: 04 | E28: 89 | F28: 1 | G28: 00 | H28: 77150 | J28: =J29 -> 0.2 | K28: =K29 -> 0.2 | L28: =L29 -> 0.2
A29: Закупка товаров, работ и услуг для обеспечения государственных (муниципальных) нужд | B29: 924 | C29: 01 | D29: 04 | E29: 89 | F29: 1 | G29: 00 | H29: 77150 | I29: 200 | J29: =J30 -> 0.2 | K29: =K30 -> 0.2 | L29: =L30 -> 0.2
A30: Иные закупки товаров, работ и услуг для обеспечения государственных (муниципальных) нужд | B30: 924 | C30: 01 | D30: 04 | E30: 89 | F30: 1 | G30: 00 | H30: 77150 | I30: 240 | J30: 0.2 | K30: 0.2 | L30: 0.2
A31: Резервные фонды | B31: 924 | C31: 01 | D31: 11 | J31: =J32 -> 5 | K31: =K32 -> 5 | L31: =L32 -> 5
A32: =A26 -> Непрограммные расходы главных распорядителей средств бюджета Трофимовщинского сельского поселения Ромодановского муниципального района Республики Мордовия | B32: 924 | C32: 01 | D32: 11 | E32: 89 | J32: =J33 -> 5 | K32: =K33 -> 5 | L32: =L33 -> 5
A33: =A27 -> Непрограммные расходы в рамках обеспечения деятельности главных распорядителей средств бюджета Трофимовщинского сельского поселения Ромодановского муниципального района Республики Мордовия | B33: 924 | C33: 01 | D33: 11 | E33: 89 | F33: 1 | J33: =J34 -> 5 | K33: =K34 -> 5 | L33: =L34 -> 5
A34: Резервный фонд Администрации Трофимовщинского сельского поселени Ромодановского муниципального района Республики Мордовия | B34: 924 | C34: 01 | D34: 11 | E34: 89 | F34: 1 | G34: 00 | H34: 41180 | J34: =J36 -> 5 | K34: =K36 -> 5 | L34: =L36 -> 5
A35: Иные бюджетные ассигнования | B35: 924 | C35: 01 | D35: 11 | E35: 89 | F35: 1 | G35: 00 | H35: 41180 | I35: 800 | J35: =J36 -> 5 | K35: =K36 -> 5 | L35: =L36 -> 5
A36: Резервные средства | B36: 924 | C36: 01 | D36: 11 | E36: 89 | F36: 1 | G36: 00 | H36: 41180 | I36: 870 | J36: 5 | K36: 5 | L36: 5
A37: Национальная оборона | B37: 924 | C37: 02 | J37: =J38 -> 92.8 | K37: =K38 -> 96 | L37: =L38 -> 96
A38: Мобилизационная и вневойсковая подготовка | B38: 924 | C38: 02 | D38: 03 | J38: =J39 -> 92.8 | K38: =K39 -> 96 | L38: =L39 -> 96
A39: Государственная программа повышения эффективности управления государственными финансами в Республике Мордовия | B39: 924 | C39: 02 | D39: 03 | E39: 17 | J39: =J40 -> 92.8 | K39: =K40 -> 96 | L39: =L40 -> 96
A40: Подпрограмма "Повышения эффективности межбюджетных отношений" | B40: 924 | C40: 02 | D40: 03 | E40: 17 | F40: 3 | J40: =J41 -> 92.8 | K40: =K41 -> 96 | L40: =L41 -> 96
A41: Основное мероприятие: "Обеспечение и осуществления органами местного самоуправления отдельных государственных полномочий" | B41: 924 | C41: 02 | D41: 03 | E41: 17 | F41: 3 | G41: 02 | J41: =J42 -> 92.8 | K41: =K42 -> 96 | L41: =L42 -> 96
A42: Осуществление государственных полномочий Российской Федерации по первичному воинскому учету на территориях, где отсутствуют военные комиссариаты | B42: 924 | C42: 02 | D42: 03 | E42: 17 | F42: 3 | G42: 02 | H42: 51180 | J42: =J45+J43 -> 92.8 | K42: =K45+K43 -> 96 | L42: =L45+L43 -> 96
A43: Расходы на выплаты персоналу в целях обеспечения выполнения функций государственными (муниципальными) органами, казенными учреждениями, органами управления государственными внебюджетными фондами | B43: 924 | C43: 02 | D43: 03 | E43: 17 | F43: 3 | G43: 02 | H43: 51180 | I43: 100 | J43: =J44 -> 87.8 | K43: =K44 -> 91 | L43: =L44 -> 91
A44: Расходы на выплаты персоналу государственных (муниципальных) органов | B44: 924 | C44: 02 | D44: 03 | E44: 17 | F44: 3 | G44: 02 | H44: 51180 | I44: 120 | J44: 87.8 | K44: 91 | L44: 91
A45: Закупка товаров, работ и услуг для обеспечения государственных (муниципальных) нужд | B45: 924 | C45: 02 | D45: 03 | E45: 17 | F45: 3 | G45: 02 | H45: 51180 | I45: 200 | J45: =J46 -> 5 | K45: =K46 -> 5 | L45: =L46 -> 5
A46: Иные закупки товаров, работ и услуг для обеспечения государственных (муниципальных) нужд | B46: 924 | C46: 02 | D46: 03 | E46: 17 | F46: 3 | G46: 02 | H46: 51180 | I46: 240 | J46: 5 | K46: 5 | L46: 5
A47: Национальная экономика | B47: 924 | C47: 04 | J47: =J48 -> 221.5 | K47: =K48 -> 221.5 | L47: =L48 -> 221.5
A48: Дорожное хозяйство (дорожные фонды) | B48: 924 | C48: 04 | D48: 09 | J48: =J49 -> 221.5 | K48: =K49 -> 221.5 | L48: =L49 -> 221.5
A49: Муниципальная программа «Комплексного развития транспортной инфраструктуры Трофимовщинского сельского поселения Ромодановского муниципального района Республики Мордовия на 2018- 2030 года" | B49: 924 | C49: 04 | D49: 09 | E49: 13 | J49: =J51 -> 221.5 | K49: =K51 -> 221.5 | L49: =L51 -> 221.5
A50: Основное мероприятие "Ремонт и содержание автомобильных дорог общего пользования в границах поселения, поддержание дорожного полотна в работоспособном состоянии" | B50: 924 | C50: 04 | D50: 09 | E50: 13 | F50: 0 | G50: 01 | J50: =J51 -> 221.5 | K50: =K51 -> 221.5 | L50: =L51 -> 221.5
A51: Иные межбюджетные трансферты на осуществление полномочий по дорожной деятельности в отношении автомобильных дорог местного значения в границах населенных пунктов поселения и обеспечению безопасности дорожного движения на них, включая создание и обеспечение функционирования парковок (парковочных мест), осуществлению муниципального контроля за сохранностью автомобильных дорог местного значения в границах населенных пунктов поселения, организации дорожного движения, а также осуществлению иных полномочий в области использования автомобильных дорог и осуществления дорожной деятельности в соответствии с законодательством Российской Федерации | B51: 924 | C51: 04 | D51: 09 | E51: 13 | F51: 0 | G51: 01 | H51: 44102 | J51: =J52 -> 221.5 | K51: =K52 -> 221.5 | L51: =L52 -> 221.5
A52: Закупка товаров, работ и услуг для обеспечения государственных (муниципальных) нужд | B52: 924 | C52: 04 | D52: 09 | E52: 13 | F52: 0 | G52: 01 | H52: 44102 | I52: 200 | J52: =J53 -> 221.5 | K52: =K53 -> 221.5 | L52: =L53 -> 221.5
A53: Иные закупки товаров, работ и услуг для обеспечения государственных (муниципальных) нужд | B53: 924 | C53: 04 | D53: 09 | E53: 13 | F53: 0 | G53: 01 | H53: 44102 | I53: 240 | J53: 221.5 | K53: 221.5 | L53: 221.5
A54: Жилищно-коммунальное хозяйство | B54: 924 | C54: 05 | J54: =J55 -> 100 | K54: =K55 -> 100 | L54: =L55 -> 100
A55: Благоустройство | B55: 924 | C55: 05 | D55: 03 | J55: =J56 -> 100 | K55: =K56 -> 100 | L55: =L56 -> 100
A56: Муниципальная программа комплексного развития социальной инфраструктуры Трофимовщинского сельского поселения Ромодановского муниципального района Республики Мордовия на 2018-2030 года | B56: 924 | C56: 05 | D56: 03 | E56: 10 | J56: =J57 -> 100 | K56: =K57 -> 100 | L56: =L57 -> 100
A57: Основное мероприятие "Освещение территории сельского поселения " | B57: 924 | C57: 05 | D57: 03 | E57: 10 | F57: 0 | G57: 08 | J57: =J58 -> 100 | K57: =K58 -> 100 | L57: =L58 -> 100
A58: Уличное освещение | B58: 924 | C58: 05 | D58: 03 | E58: 10 | F58: 0 | G58: 08 | H58: 43010 | J58: =J59 -> 100 | K58: =K59 -> 100 | L58: =L59 -> 100
A59: Закупка товаров, работ и услуг для обеспечения государственных (муниципальных) нужд | B59: 924 | C59: 05 | D59: 03 | E59: 10 | F59: 0 | G59: 08 | H59: 43010 | I59: 200 | J59: 100 | K59: 100 | L59: 100
A60: Иные закупки товаров, работ и услуг для обеспечения государственных (муниципальных) нужд | B60: 924 | C60: 05 | D60: 03 | E60: 10 | F60: 0 | G60: 08 | H60: 43010 | I60: 240 | J60: =J59 -> 100 | K60: =K59 -> 100 | L60: =L59 -> 100
A61: Социальная политика | B61: 924 | C61: 10 | J61: =J63 -> 207.7 | K61: =K63 -> 207.7 | L61: =L63 -> 207.7
A62: Пенсионное обеспечение | B62: 924 | C62: 10 | D62: 01 | J62: =J64 -> 207.7 | K62: =K64 -> 207.7 | L62: =L64 -> 207.7
A63: =A32 -> Непрограммные расходы главных распорядителей средств бюджета Трофимовщинского сельского поселения Ромодановского муниципального района Республики Мордовия | B63: 924 | C63: 10 | D63: 01 | E63: 89 | J63: =J64 -> 207.7 | K63: =K64 -> 207.7 | L63: =L64 -> 207.7
A64: =A27 -> Непрограммные расходы в рамках обеспечения деятельности главных распорядителей средств бюджета Трофимовщинского сельского поселения Ромодановского муниципального района Республики Мордовия | B64: 924 | C64: 10 | D64: 01 | E64: 89 | F64: 1 | J64: =J65 -> 207.7 | K64: =K65 -> 207.7 | L64: =L65 -> 207.7
A65: Доплаты к пенсиям муниципальных служащих Республики Мордовия | B65: 924 | C65: 10 | D65: 01 | E65: 89 | F65: 1 | G65: 00 | H65: 03010 | J65: =J66 -> 207.7 | K65: =K66 -> 207.7 | L65: =L66 -> 207.7
A66: Социальное обеспечение и иные выплаты населению | B66: 924 | C66: 10 | D66: 01 | E66: 89 | F66: 1 | G66: 00 | H66: 03010 | I66: 300 | J66: =J67 -> 207.7 | K66: =K67 -> 207.7 | L66: =L67 -> 207.7
A67: Публичные нормативные социальные выплаты гражданам | B67: 924 | C67: 10 | D67: 01 | E67: 89 | F67: 1 | G67: 00 | H67: 03010 | I67: 310 | J67: 207.7 | K67: 207.7 | L67: 207.7
A68: Условно утвержденные расходы | B68: 924 | C68: 99 | K68: =K69 -> 29.8 | L68: =L69 -> 60.2
A69: Условно утвержденные расходы | B69: 924 | C69: 99 | D69: 99 | K69: =K70 -> 29.8 | L69: =L70 -> 60.2
A70: =A10 -> Обеспечение деятельности Администрации Трофимовщинского сельского поселения Ромодановского муниципального района Республики Мордовия | B70: 924 | C70: 99 | D70: 99 | E70: 65 | K70: =K71 -> 29.8 | L70: =L71 -> 60.2
A71: Высшее должностное лицо | B71: 924 | C71: 99 | D71: 99 | E71: 65 | F71: 1 | K71: =K72 -> 29.8 | L71: =L72 -> 60.2
A72: Условно утвержденные расходы | B72: 924 | C72: 99 | D72: 99 | E72: 65 | F72: 1 | G72: 00 | H72: 41990 | K72: =K73 -> 29.8 | L72: =L73 -> 60.2
A73: Иные бюджетные ассигнования | B73: 924 | C73: 99 | D73: 99 | E73: 65 | F73: 1 | G73: 00 | H73: 41990 | I73: 800 | K73: =K74 -> 29.8 | L73: =L74 -> 60.2
A74: Резервные средства | B74: 924 | C74: 99 | D74: 99 | E74: 65 | F74: 1 | G74: 00 | H74: 41990 | I74: 870 | K74: 29.8 | L74: 60.2

Sheet Приложение 4
H1: Приложение 4 к проекту решения Совета депутатов Трофимовщинского сельского поселения Ромодановского муниципального района Республики Мордовия «О бюджете Трофимовщинского сельского поселения Ромодановского муниципального района Республики Мордовия на 2023 год и на плановый период 2024 и 2025 годов»
A2: РАСПРЕДЕЛЕНИЕ БЮДЖЕТНЫХ АССИГНОВАНИЙ БЮДЖЕТА ТРОФИМОВЩИНСКОГО СЕЛЬСКОГО ПОСЕЛЕНИЯ РОМОДАНОВСКОГО МУНИЦИПАЛЬНОГО РАЙОНА РЕСПУБЛИКИ МОРДОВИЯ ПО РАЗДЕЛАМ, ПОДРАЗДЕЛАМ, ЦЕЛЕВЫМ СТАТЬЯМ (МУНИЦИПАЛЬНЫМ ПРОГРАММАМ И НЕПРОГРАММНЫМ НАПРАВЛЕНИЯМ ДЕЯТЕЛЬНОСТИ), ГРУППАМ на 2024 ГОД И НА ПЛАНОВЫЙ ПЕРИОД 2025 И 2026 ГОДОВ
H3: (тыс. рублей)
A4: Наименование | B4: Рз | C4: Прз | D4: Цср | H4: Вр | I4: Сумма
I5: 2024 год | J5: 2025 год | K5: 2026 год
A6: 1 | B6: 2 | C6: 3 | D6: 4 | E6: 5 | F6: 6 | G6: 7 | H6: 8 | I6: 9 | J6: 10 | K6: 11
A7: ВСЕГО | I7: =I8+I37+I47+I54+I61 -> 1272.4 | J7: =J8+J37+J47+J54+J61+J68 -> 1286.6 | K7: =K8+K37+K47+K54+K61+K68 -> 1299.4
A8: Общегосударственные вопросы | B8: 01 | I8: =I9+I15+I31 -> 650.4 | J8: =J9+J15+J31 -> 631.6 | K8: =K9+K15+K31 -> 614
A9: Функционирование высшего должностного лица субъекта Российской Федерации и муниципального образования | B9: 01 | C9: 02 | I9: =I10 -> 200 | J9: =J10 -> 170.2 | K9: =K10 -> 139.8
A10: ='Приложение 3'!A10 -> Обеспечение деятельности Администрации Трофимовщинского сельского поселения Ромодановского муниципального района Республики Мордовия | B10: 01 | C10: 02 | D10: 65 | I10: =I11 -> 200 | J10: =J11 -> 170.2 | K10: =K11 -> 139.8
A11: Высшее должностное лицо | B11: 01 | C11: 02 | D11: 65 | E11: 1 | I11: =I12 -> 200 | J11: =J12 -> 170.2 | K11: =K12 -> 139.8
A12: Расходы на выплаты по оплате труда высшего должностного лица | B12: 01 | C12: 02 | D12: 65 | E12: 1 | F12: 00 | G12: 41150 | I12: =I13 -> 200 | J12: =J13 -> 170.2 | K12: =K13 -> 139.8
A13: Расходы на выплаты персоналу в целях обеспечения выполнения функций государственными (муниципальными) органами, казенными учреждениями, органами управления государственными внебюджетными фондами | B13: 01 | C13: 02 | D13: 65 | E13: 1 | F13: 00 | G13: 41150 | H13: 100 | I13: =I14 -> 200 | J13: =J14 -> 170.2 | K13: =K14 -> 139.8
A14: Расходы на выплаты персоналу государственных (муниципальных) органов | B14: 01 | C14: 02 | D14: 65 | E14: 1 | F14: 00 | G14: 41150 | H14: 120 | I14: ='Приложение 3'!J14 -> 200 | J14: ='Приложение 3'!K14 -> 170.2 | K14: ='Приложение 3'!L14 -> 139.8
A15: Функционирование Правительства Российской Федерации, высших исполнительных органов государственной власти субъектов Российской Федерации, местных администраций | B15: 01 | C15: 04 | I15: =I16+I26 -> 445.4 | J15: =J16+J26 -> 456.4 | K15: =K16+K26 -> 469.2
A16: =A10 -> Обеспечение деятельности Администрации Трофимовщинского сельского поселения Ромодановского муниципального района Республики Мордовия | B16: 01 | C16: 04 | D16: 65 | I16: =I17 -> 445.2 | J16: =J17 -> 456.2 | K16: =K17 -> 469
A17: ='Приложение 3'!A17 -> Расходы в рамках обеспечения деятельности Администрации Трофимовщинского сельского поселения | B17: 01 | C17: 04 | D17: 65 | E17: 2 | I17: =I18+I21 -> 445.2 | J17: =J18+J21 -> 456.2 | K17: =K18+K21 -> 469
A18: Расходы на выплаты по оплате труда работников органов местного самоуправления | B18: 01 | C18: 04 | D18: 65 | E18: 2 | F18: 00 | G18: 41110 | I18: =I19 -> 300 | J18: =J19 -> 300 | K18: =K19 -> 300
A19: Расходы на выплаты персоналу в целях обеспечения выполнения функций государственными (муниципальными) органами, казенными учреждениями, органами управления государственными внебюджетными фондами | B19: 01 | C19: 04 | D19: 65 | E19: 2 | F19: 00 | G19: 41110 | H19: 100 | I19: =I20 -> 300 | J19: =J20 -> 300 | K19: =K20 -> 300
A20: Расходы на выплаты персоналу государственных (муниципальных) органов | B20: 01 | C20: 04 | D20: 65 | E20: 2 | F20: 00 | G20: 41110 | H20: 120 | I20: ='Приложение 3'!J20 -> 300 | J20: ='Приложение 3'!K20 -> 300 | K20: ='Приложение 3'!L20 -> 300
A21: Расходы на обеспечение функций органов местного самоуправления | B21: 01 | C21: 04 | D21: 65 | E21: 2 | F21: 00 | G21: 41120 | I21: =+I22+I24 -> 145.2 | J21: =+J22+J24 -> 156.2 | K21: =+K22+K24 -> 169
A22: Закупка товаров, работ и услуг для обеспечения государственных (муниципальных) нужд | B22: 01 | C22: 04 | D22: 65 | E22: 2 | F22: 00 | G22: 41120 | H22: 200 | I22: =I23 -> 142.2 | J22: =J23 -> 153.2 | K22: =K23 -> 166
A23: Иные закупки товаров, работ и услуг для обеспечения государственных (муниципальных) нужд | B23: 01 | C23: 04 | D23: 65 | E23: 2 | F23: 00 | G23: 41120 | H23: 240 | I23: ='Приложение 3'!J23 -> 142.2 | J23: ='Приложение 3'!K23 -> 153.2 | K23: ='Приложение 3'!L23 -> 166
A24: Иные бюджетные ассигнования | B24: 01 | C24: 04 | D24: 65 | E24: 2 | F24: 00 | G24: 41120 | H24: 800 | I24: =I25 -> 3 | J24: =J25 -> 3 | K24: =K25 -> 3
A25: Уплата налогов, сборов и иных платежей | B25: 01 | C25: 04 | D25: 65 | E25: 2 | F25: 00 | G25: 41120 | H25: 850 | I25: ='Приложение 3'!J25 -> 3 | J25: ='Приложение 3'!K25 -> 3 | K25: ='Приложение 3'!L25 -> 3
A26: Непрограммные расходы главных распорядителей средств бюджета Трофимовщинского сельского поселения Ромодановского муниципального района Республики Мордовия | B26: 01 | C26: 04 | D26: 89 | I26: =I27 -> 0.2 | J26: =J27 -> 0.2 | K26: =K27 -> 0.2
A27: ='Приложение 3'!A27 -> Непрограммные расходы в рамках обеспечения деятельности главных распорядителей средств бюджета Трофимовщинского сельского поселения Ромодановского муниципального района Республики Мордовия | B27: 01 | C27: 04 | D27: 89 | E27: 1 | I27: =I28 -> 0.2 | J27: =J28 -> 0.2 | K27: =K28 -> 0.2
A28: Осуществление государственных полномочий Республики Мордовия по определению перечня должностных лиц, уполномоченных составлять протоколы об административных правонарушениях, предусмотренных Законом Республики Мордовия от 15 июня 2015 года № 38-З "Об административной ответственности на территории Республики Мордовия" | B28: 01 | C28: 04 | D28: 89 | E28: 1 | F28: 00 | G28: 77150 | I28: =I29 -> 0.2 | J28: =J29 -> 0.2 | K28: =K29 -> 0.2
A29: Закупка товаров, работ и услуг для обеспечения государственных (муниципальных) нужд | B29: 01 | C29: 04 | D29: 89 | E29: 1 | F29: 00 | G29: 77150 | H29: 200 | I29: =I30 -> 0.2 | J29: =J30 -> 0.2 | K29: =K30 -> 0.2
A30: Иные закупки товаров, работ и услуг для обеспечения государственных (муниципальных) нужд | B30: 01 | C30: 04 | D30: 89 | E30: 1 | F30: 00 | G30: 77150 | H30: 240 | I30: ='Приложение 3'!J30 -> 0.2 | J30: ='Приложение 3'!K30 -> 0.2 | K30: ='Приложение 3'!L30 -> 0.2
A31: Резервные фонды | B31: 01 | C31: 11 | I31: =I32 -> 5 | J31: =J32 -> 5 | K31: =K32 -> 5
A32: =A26 -> Непрограммные расходы главных распорядителей средств бюджета Трофимовщинского сельского поселения Ромодановского муниципального района Республики Мордовия | B32: 01 | C32: 11 | D32: 89 | I32: =I33 -> 5 | J32: =J33 -> 5 | K32: =K33 -> 5
A33: ='Приложение 3'!A33 -> Непрограммные расходы в рамках обеспечения деятельности главных распорядителей средств бюджета Трофимовщинского сельского поселения Ромодановского муниципального района Республики Мордовия | B33: 01 | C33: 11 | D33: 89 | E33: 1 | I33: =I34 -> 5 | J33: =J34 -> 5 | K33: =K34 -> 5
A34: Резервный фонд Администрации Трофимовщинского сельского поселени Ромодановского муниципального района Республики Мордовия | B34: 01 | C34: 11 | D34: 89 | E34: 1 | F34: 00 | G34: 41180 | I34: =I36 -> 5 | J34: =J36 -> 5 | K34: =K36 -> 5
A35: Иные бюджетные ассигнования | B35: 01 | C35: 11 | D35: 89 | E35: 1 | F35: 00 | G35: 41180 | H35: 800 | I35: =I36 -> 5 | J35: =J36 -> 5 | K35: =K36 -> 5
A36: Резервные средства | B36: 01 | C36: 11 | D36: 89 | E36: 1 | F36: 00 | G36: 41180 | H36: 870 | I36: ='Приложение 3'!J36 -> 5 | J36: ='Приложение 3'!K36 -> 5 | K36: ='Приложение 3'!L36 -> 5
A37: Национальная оборона | B37: 02 | I37: =I38 -> 92.8 | J37: =J38 -> 96 | K37: =K38 -> 96
A38: Мобилизационная и вневойсковая подготовка | B38: 02 | C38: 03 | I38: =I39 -> 92.8 | J38: =J39 -> 96 | K38: =K39 -> 96
A39: ='Приложение 3'!A39 -> Государственная программа повышения эффективности управления государственными финансами в Республике Мордовия | B39: 02 | C39: 03 | D39: 17 | I39: =I40 -> 92.8 | J39: =J40 -> 96 | K39: =K40 -> 96
A40: Подпрограмма "Повышения эффективности межбюджетных отношений" | B40: 02 | C40: 03 | D40: 17 | E40: 3 | I40: =I41 -> 92.8 | J40: =J41 -> 96 | K40: =K41 -> 96
A41: ='Приложение 3'!A41 -> Основное мероприятие: "Обеспечение и осуществления органами местного самоуправления отдельных государственных полномочий" | B41: 02 | C41: 03 | D41: 17 | E41: 3 | F41: 02 | I41: =I42 -> 92.8 | J41: =J42 -> 96 | K41: =K42 -> 96
A42: ='Приложение 3'!A42 -> Осуществление государственных полномочий Российской Федерации по первичному воинскому учету на территориях, где отсутствуют военные комиссариаты | B42: 02 | C42: 03 | D42: 17 | E42: 3 | F42: 02 | G42: 51180 | I42: =I45+I43 -> 92.8 | J42: =J45+J43 -> 96 | K42: =K45+K43 -> 96
A43: Расходы на выплаты персоналу в целях обеспечения выполнения функций государственными (муниципальными) органами, казенными учреждениями, органами управления государственными внебюджетными фондами | B43: 02 | C43: 03 | D43: 17 | E43: 3 | F43: 02 | G43: 51180 | H43: 100 | I43: =I44 -> 87.8 | J43: =J44 -> 91 | K43: =K44 -> 91
A44: Расходы на выплаты персоналу государственных (муниципальных) органов | B44: 02 | C44: 03 | D44: 17 | E44: 3 | F44: 02 | G44: 51180 | H44: 120 | I44: ='Приложение 3'!J44 -> 87.8 | J44: ='Приложение 3'!K44 -> 91 | K44: ='Приложение 3'!L44 -> 91
A45: Закупка товаров, работ и услуг для обеспечения государственных (муниципальных) нужд | B45: 02 | C45: 03 | D45: 17 | E45: 3 | F45: 02 | G45: 51180 | H45: 200 | I45: =I46 -> 5 | J45: =J46 -> 5 | K45: =K46 -> 5
A46: Иные закупки товаров, работ и услуг для обеспечения государственных (муниципальных) нужд | B46: 02 | C46: 03 | D46: 17 | E46: 3 | F46: 02 | G46: 51180 | H46: 240 | I46: ='Приложение 3'!J46 -> 5 | J46: ='Приложение 3'!K46 -> 5 | K46: ='Приложение 3'!L46 -> 5
A47: Национальная экономика | B47: 04 | I47: =I48 -> 221.5 | J47: =J48 -> 221.5 | K47: =K48 -> 221.5
A48: Дорожное хозяйство (дорожные фонды) | B48: 04 | C48: 09 | I48: =I49 -> 221.5 | J48: =J49 -> 221.5 | K48: =K49 -> 221.5
A49: ='Приложение 3'!A49 -> Муниципальная программа «Комплексного развития транспортной инфраструктуры Трофимовщинского сельского поселения Ромодановского муниципального района Республики Мордовия на 2018- 2030 года" | B49: 04 | C49: 09 | D49: 13 | I49: =I50 -> 221.5 | J49: =J50 -> 221.5 | K49: =K50 -> 221.5
A50: Основное мероприятие "Ремонт и содержание автомобильных дорог общего пользования в границах поселения, поддержание дорожного полотна в работоспособном состоянии" | B50: 04 | C50: 09 | D50: 13 | E50: 0 | F50: 01 | I50: =I51 -> 221.5 | J50: =J51 -> 221.5 | K50: =K51 -> 221.5
A51: ='Приложение 3'!A51 -> Иные межбюджетные трансферты на осуществление полномочий по дорожной деятельности в отношении автомобильных дорог местного значения в границах населенных пунктов поселения и обеспечению безопасности дорожного движения на них, включая создание и обеспечение функционирования парковок (парковочных мест), осуществлению муниципального контроля за сохранностью автомобильных дорог местного значения в границах населенных пунктов поселения, организации дорожного движения, а также осуществлению иных полномочий в области использования автомобильных дорог и осуществления дорожной деятельности в соответствии с законодательством Российской Федерации | B51: 04 | C51: 09 | D51: 13 | E51: 0 | F51: 01 | G51: 44102 | I51: =I52 -> 221.5 | J51: =J52 -> 221.5 | K51: =K52 -> 221.5
A52: Закупка товаров, работ и услуг для обеспечения государственных (муниципальных) нужд | B52: 04 | C52: 09 | D52: 13 | E52: 0 | F52: 01 | G52: 44102 | H52: 200 | I52: =I53 -> 221.5 | J52: =J53 -> 221.5 | K52: =K53 -> 221.5
A53: Иные закупки товаров, работ и услуг для обеспечения государственных (муниципальных) нужд | B53: 04 | C53: 09 | D53: 13 | E53: 0 | F53: 01 | G53: 44102 | H53: 240 | I53: ='Приложение 3'!J53 -> 221.5 | J53: ='Приложение 3'!K53 -> 221.5 | K53: ='Приложение 3'!L53 -> 221.5
A54: Жилищно-коммунальное хозяйство | B54: 05 | I54: =I55 -> 100 | J54: =J55 -> 100 | K54: =K55 -> 100
A55: Благоустройство | B55: 05 | C55: 03 | I55: =I56 -> 100 | J55: =J56 -> 100 | K55: =K56 -> 100
A56: ='Приложение 3'!A56 -> Муниципальная программа комплексного развития социальной инфраструктуры Трофимовщинского сельского поселения Ромодановского муниципального района Республики Мордовия на 2018-2030 года | B56: 05 | C56: 03 | D56: 10 | I56: =I57 -> 100 | J56: =J57 -> 100 | K56: =K57 -> 100
A57: ='Приложение 3'!A57 -> Основное мероприятие "Освещение территории сельского поселения " | B57: 05 | C57: 03 | D57: 10 | E57: 0 | F57: 08 | I57: =I58 -> 100 | J57: =J58 -> 100 | K57: =K58 -> 100
A58: Уличное освещение | B58: 05 | C58: 03 | D58: 10 | E58: 0 | F58: 08 | G58: 43010 | I58: =I59 -> 100 | J58: =J59 -> 100 | K58: =K59 -> 100
A59: Закупка товаров, работ и услуг для обеспечения государственных (муниципальных) нужд | B59: 05 | C59: 03 | D59: 10 | E59: 0 | F59: 08 | G59: 43010 | H59: 200 | I59: =I60 -> 100 | J59: =J60 -> 100 | K59: =K60 -> 100
A60: Иные закупки товаров, работ и услуг для обеспечения государственных (муниципальных) нужд | B60: 05 | C60: 03 | D60: 10 | E60: 0 | F60: 08 | G60: 43010 | H60: 240 | I60: ='Приложение 3'!J59 -> 100 | J60: ='Приложение 3'!K59 -> 100 | K60: ='Приложение 3'!L59 -> 100
A61: Социальная политика | B61: 10 | I61: =I62 -> 207.7 | J61: =J62 -> 207.7 | K61: =K62 -> 207.7
A62: Пенсионное обеспечение | B62: 10 | C62: 01 | I62: =I63 -> 207.7 | J62: =J63 -> 207.7 | K62: =K63 -> 207.7
A63: =A32 -> Непрограммные расходы главных распорядителей средств бюджета Трофимовщинского сельского поселения Ромодановского муниципального района Республики Мордовия | B63: 10 | C63: 01 | D63: 89 | I63: =I64 -> 207.7 | J63: =J64 -> 207.7 | K63: =K64 -> 207.7
A64: =A27 -> Непрограммные расходы в рамках обеспечения деятельности главных распорядителей средств бюджета Трофимовщинского сельского поселения Ромодановского муниципального района Республики Мордовия | B64: 10 | C64: 01 | D64: 89 | E64: 1 | I64: =I65 -> 207.7 | J64: =J65 -> 207.7 | K64: =K65 -> 207.7
A65: Доплаты к пенсиям муниципальных служащих Республики Мордовия | B65: 10 | C65: 01 | D65: 89 | E65: 1 | F65: 00 | G65: 03010 | I65: =I66 -> 207.7 | J65: =J66 -> 207.7 | K65: =K66 -> 207.7
A66: Социальное обеспечение и иные выплаты населению | B66: 10 | C66: 01 | D66: 89 | E66: 1 | F66: 00 | G66: 03010 | H66: 300 | I66: =I67 -> 207.7 | J66: =J67 -> 207.7 | K66: =K67 -> 207.7
A67: Публичные нормативные социальные выплаты гражданам | B67: 10 | C67: 01 | D67: 89 | E67: 1 | F67: 00 | G67: 03010 | H67: 310 | I67: ='Приложение 3'!J67 -> 207.7 | J67: ='Приложение 3'!K67 -> 207.7 | K67: ='Приложение 3'!L67 -> 207.7
A68: ='Приложение 3'!A69 -> Условно утвержденные расходы | B68: 99 | J68: ='Приложение 3'!K68 -> 29.8 | K68: ='Приложение 3'!L68 -> 60.2
A69: ='Приложение 3'!A69 -> Условно утвержденные расходы | B69: 99 | C69: 99 | J69: ='Приложение 3'!K69 -> 29.8 | K69: ='Приложение 3'!L69 -> 60.2
A70: ='Приложение 3'!A70 -> Обеспечение деятельности Администрации Трофимовщинского сельского поселения Ромодановского муниципального района Республики Мордовия | B70: 99 | C70: 99 | D70: 65 | J70: ='Приложение 3'!K70 -> 29.8 | K70: ='Приложение 3'!L70 -> 60.2
A71: ='Приложение 3'!A71 -> Высшее должностное лицо | B71: 99 | C71: 99 | D71: 65 | E71: 1 | J71: ='Приложение 3'!K71 -> 29.8 | K71: ='Приложение 3'!L71 -> 60.2
A72: ='Приложение 3'!A72 -> Условно утвержденные расходы | B72: 99 | C72: 99 | D72: 65 | E72: 1 | F72: 00 | G72: 41990 | J72: ='Приложение 3'!K72 -> 29.8 | K72: ='Приложение 3'!L72 -> 60.2
A73: ='Приложение 3'!A73 -> Иные бюджетные ассигнования | B73: 99 | C73: 99 | D73: 65 | E73: 1 | F73: 00 | G73: 41990 | H73: 800 | J73: ='Приложение 3'!K73 -> 29.8 | K73: ='Приложение 3'!L73 -> 60.2
A74: ='Приложение 3'!A74 -> Резервные средства | B74: 99 | C74: 99 | D74: 65 | E74: 1 | F74: 00 | G74: 41990 | H74: 870 | J74: ='Приложение 3'!K74 -> 29.8 | K74: ='Приложение 3'!L74 -> 60.2

Sheet Приложение 5
I1: Приложение 5 к проекту решения Совета депутатов Трофимовщинского сельского поселения Ромодановского муниципального района Республики Мордовия «О бюджете Трофимовщинскогосельского поселения Ромодановского муниципального района Республики Мордовия на 2023 год и на плановый период 2024 и 2025 годов»
A2: РАСПРЕДЕЛЕНИЕ БЮДЖЕТНЫХ АССИГНОВАНИЙ БЮДЖЕТА ТРОФИМОВЩИНСКОГО СЕЛЬСКОГО ПОСЕЛЕНИЯ РОМОДАНОВСКОГО МУНИЦИПАЛЬНОГО РАЙОНА РЕСПУБЛИКИ МОРДОВИЯ ПО ЦЕЛЕВЫМ СТАТЬЯМ (МУНИЦИПАЛЬНЫМ ПРОГРАММАМ И НЕПРОГРАММНЫМ НАПРАВЛЕНИЯМ ДЕЯТЕЛЬНОСТИ), ГРУППАМ И ПОДГРУППАМ ВИДОВ РАСХОДОВ, РАЗДЕЛАМ И ПОДРАЗДЕЛАМ КЛАССИФИКАЦИИ РАСХОДОВ БЮДЖЕТОВ НА 2023 ГОД И НА ПЛАНОВЫЙ ПЕРИОД 2024 И 2025 ГОДОВ
I3: (тыс. рублей)
A4: Наименование | B4: Цср | F4: ВР | G4: Рз | H4: Прз | I4: Адм | J4: Сумма
J5: 2023 год | K5: 2024 год | L5: 2025 год
A6: 1 | B6: 2 | C6: 3 | D6: 4 | E6: 5 | F6: 6 | G6: 7 | H6: 8 | I6: 9 | J6: 10 | K6: 11 | L6: 12
A7: ВСЕГО | J7: =J16+J8+J24+J38+J70 -> 1272.4 | K7: =K16+K8+K24+K38+K70 -> 1286.6 | L7: =L16+L8+L24+L38+L70 -> 1299.4
A8: ='Приложение 3'!A56 -> Муниципальная программа комплексного развития социальной инфраструктуры Трофимовщинского сельского поселения Ромодановского муниципального района Республики Мордовия на 2018-2030 года | B8: 10 | J8: =J9 -> 100 | K8: =K9 -> 100 | L8: =L9 -> 100
A9: Основное мероприятие "Освещение территории сельского поселения " | B9: 10 | C9: 0 | D9: 08 | J9: =J10 -> 100 | K9: =K10 -> 100 | L9: =L10 -> 100
A10: Уличное освещение | B10: 10 | C10: 0 | D10: 08 | E10: 43010 | J10: =J11 -> 100 | K10: =K11 -> 100 | L10: =L11 -> 100
A11: Закупка товаров, работ и услуг для обеспечения государственных (муниципальных) нужд | B11: 10 | C11: 0 | D11: 08 | E11: 43010 | F11: 200 | J11: =J12 -> 100 | K11: =K12 -> 100 | L11: =L12 -> 100
A12: Иные закупки товаров, работ и услуг для обеспечения государственных (муниципальных) нужд | B12: 10 | C12: 0 | D12: 08 | E12: 43010 | F12: 240 | J12: =J13 -> 100 | K12: =K13 -> 100 | L12: =L13 -> 100
A13: Жилищно-коммунальное хозяйство | B13: 10 | C13: 0 | D13: 08 | E13: 43010 | F13: 240 | G13: 05 | J13: =J14 -> 100 | K13: =K14 -> 100 | L13: =L14 -> 100
A14: Благоустройство | B14: 10 | C14: 0 | D14: 08 | E14: 43010 | F14: 240 | G14: 05 | H14: 03 | J14: =J15 -> 100 | K14: =K15 -> 100 | L14: =L15 -> 100
A15: Администрация Трофимовщинского сельского поселения Ромодановского муниципального района Республики Мордовия | B15: 10 | C15: 0 | D15: 08 | E15: 43010 | F15: 240 | G15: 05 | H15: 03 | I15: 924 | J15: ='Приложение 3'!J59 -> 100 | K15: ='Приложение 3'!K59 -> 100 | L15: ='Приложение 3'!L59 -> 100
A16: ='Приложение 3'!A49 -> Муниципальная программа «Комплексного развития транспортной инфраструктуры Трофимовщинского сельского поселения Ромодановского муниципального района Республики Мордовия на 2018- 2030 года" | B16: 13 | J16: =J17 -> 221.5 | K16: =K17 -> 221.5 | L16: =L17 -> 221.5
A17: Основное мероприятие "Ремонт и содержание автомобильных дорог общего пользования в границах поселения, поддержание дорожного полотна в работоспособном состоянии" | B17: 13 | C17: 0 | D17: 01 | J17: =J18 -> 221.5 | K17: =K18 -> 221.5 | L17: =L18 -> 221.5
A18: ='Приложение 3'!A51 -> Иные межбюджетные трансферты на осуществление полномочий по дорожной деятельности в отношении автомобильных дорог местного значения в границах населенных пунктов поселения и обеспечению безопасности дорожного движения на них, включая создание и обеспечение функционирования парковок (парковочных мест), осуществлению муниципального контроля за сохранностью автомобильных дорог местного значения в границах населенных пунктов поселения, организации дорожного движения, а также осуществлению иных полномочий в области использования автомобильных дорог и осуществления дорожной деятельности в соответствии с законодательством Российской Федерации | B18: 13 | C18: 0 | D18: 01 | E18: 44102 | J18: =J19 -> 221.5 | K18: =K19 -> 221.5 | L18: =L19 -> 221.5
A19: Закупка товаров, работ и услуг для обеспечения государственных (муниципальных) нужд | B19: 13 | C19: 0 | D19: 01 | E19: 44102 | F19: 200 | J19: =J20 -> 221.5 | K19: =K20 -> 221.5 | L19: =L20 -> 221.5
A20: Иные закупки товаров, работ и услуг для обеспечения государственных (муниципальных) нужд | B20: 13 | C20: 0 | D20: 01 | E20: 44102 | F20: 240 | J20: =J21 -> 221.5 | K20: =K21 -> 221.5 | L20: =L21 -> 221.5
A21: Национальная экономика | B21: 13 | C21: 0 | D21: 01 | E21: 44102 | F21: 240 | G21: 04 | J21: =J22 -> 221.5 | K21: =K22 -> 221.5 | L21: =L22 -> 221.5
A22: ='Приложение 3'!A48 -> Дорожное хозяйство (дорожные фонды) | B22: 13 | C22: 0 | D22: 01 | E22: 44102 | F22: 240 | G22: 04 | H22: 09 | J22: =J23 -> 221.5 | K22: =K23 -> 221.5 | L22: =L23 -> 221.5
A23: Администрация Трофимовщинского сельского поселения Ромодановского муниципального района Республики Мордовия | B23: 13 | C23: 0 | D23: 01 | E23: 44102 | F23: 240 | G23: 04 | H23: 09 | I23: 924 | J23: ='Приложение 3'!J53 -> 221.5 | K23: ='Приложение 3'!K53 -> 221.5 | L23: ='Приложение 3'!L53 -> 221.5
A24: ='Приложение 3'!A39 -> Государственная программа повышения эффективности управления государственными финансами в Республике Мордовия | B24: 17 | J24: =J25 -> 92.8 | K24: =K25 -> 96 | L24: =L25 -> 96
A25: Подпрограмма "Повышения эффективности межбюджетных отношений" | B25: 17 | C25: 3 | J25: =J26 -> 92.8 | K25: =K26 -> 96 | L25: =L26 -> 96
A26: ='Приложение 3'!A41 -> Основное мероприятие: "Обеспечение и осуществления органами местного самоуправления отдельных государственных полномочий" | B26: 17 | C26: 3 | D26: 02 | J26: =J27 -> 92.8 | K26: =K27 -> 96 | L26: =L27 -> 96
A27: ='Приложение 3'!A42 -> Осуществление государственных полномочий Российской Федерации по первичному воинскому учету на территориях, где отсутствуют военные комиссариаты | B27: 17 | C27: 3 | D27: 02 | E27: 51180 | J27: =J33+J28 -> 92.8 | K27: =K33+K28 -> 96 | L27: =L33+L28 -> 96
A28: Расходы на выплаты персоналу в целях обеспечения выполнения функций государственными (муниципальными) органами, казенными учреждениями, органами управления государственными внебюджетными фондами | B28: 17 | C28: 3 | D28: 02 | E28: 51180 | F28: 100 | J28: =J29 -> 87.8 | K28: =K29 -> 91 | L28: =L29 -> 91
A29: Расходы на выплаты персоналу государственных (муниципальных) органов | B29: 17 | C29: 3 | D29: 02 | E29: 51180 | F29: 120 | J29: =J30 -> 87.8 | K29: =K30 -> 91 | L29: =L30 -> 91
A30: Национальная оборона | B30: 17 | C30: 3 | D30: 02 | E30: 51180 | F30: 120 | G30: 02 | J30: =J31 -> 87.8 | K30: =K31 -> 91 | L30: =L31 -> 91
A31: Мобилизационная и вневойсковая подготовка | B31: 17 | C31: 3 | D31: 02 | E31: 51180 | F31: 120 | G31: 02 | H31: 03 | J31: =J32 -> 87.8 | K31: =K32 -> 91 | L31: =L32 -> 91
A32: Администрация Трофимовщинского сельского поселения Ромодановского муниципального района Республики Мордовия | B32: 17 | C32: 3 | D32: 02 | E32: 51180 | F32: 120 | G32: 02 | H32: 03 | I32: 924 | J32: ='Приложение 3'!J44 -> 87.8 | K32: ='Приложение 3'!K44 -> 91 | L32: ='Приложение 3'!L44 -> 91
A33: Закупка товаров, работ и услуг для обеспечения государственных (муниципальных) нужд | B33: 17 | C33: 3 | D33: 02 | E33: 51180 | F33: 200 | J33: =J34 -> 5 | K33: =K34 -> 5 | L33: =L34 -> 5
A34: Иные закупки товаров, работ и услуг для обеспечения государственных (муниципальных) нужд | B34: 17 | C34: 3 | D34: 02 | E34: 51180 | F34: 240 | J34: =J35 -> 5 | K34: =K35 -> 5 | L34: =L35 -> 5
A35: Национальная оборона | B35: 17 | C35: 3 | D35: 02 | E35: 51180 | F35: 240 | G35: 02 | J35: =J36 -> 5 | K35: =K36 -> 5 | L35: =L36 -> 5
A36: Мобилизационная и вневойсковая подготовка | B36: 17 | C36: 3 | D36: 02 | E36: 51180 | F36: 240 | G36: 02 | H36: 03 | J36: =J37 -> 5 | K36: =K37 -> 5 | L36: =L37 -> 5
A37: Администрация Трофимовщинского сельского поселения Ромодановского муниципального района Республики Мордовия | B37: 17 | C37: 3 | D37: 02 | E37: 51180 | F37: 240 | G37: 02 | H37: 03 | I37: 924 | J37: ='Приложение 3'!J46 -> 5 | K37: ='Приложение 3'!K46 -> 5 | L37: ='Приложение 3'!L46 -> 5
A38: ='Приложение 3'!A16 -> Обеспечение деятельности Администрации Трофимовщинского сельского поселения Ромодановского муниципального района Республики Мордовия | B38: 65 | J38: =J39+J52 -> 645.2 | K38: =K39+K52 -> 656.2 | L38: =L39+L52 -> 669
A39: Высшее должностное лицо | B39: 65 | C39: 1 | J39: =J40+J46 -> 200 | K39: =K40+K46 -> 200 | L39: =L40+L46 -> 200
A40: Расходы на выплаты по оплате труда высшего должностного лица | B40: 65 | C40: 1 | D40: 00 | E40: 41150 | J40: =J41 -> 200 | K40: =K41 -> 170.2 | L40: =L41 -> 139.8
A41: Расходы на выплаты персоналу в целях обеспечения выполнения функций государственными (муниципальными) органами, казенными учреждениями, органами управления государственными внебюджетными фондами | B41: 65 | C41: 1 | D41: 00 | E41: 41150 | F41: 100 | J41: =J42 -> 200 | K41: =K42 -> 170.2 | L41: =L42 -> 139.8
A42: Расходы на выплаты персоналу государственных (муниципальных) органов | B42: 65 | C42: 1 | D42: 00 | E42: 41150 | F42: 120 | J42: =J43 -> 200 | K42: =K43 -> 170.2 | L42: =L43 -> 139.8
A43: Общегосударственные вопросы | B43: 65 | C43: 1 | D43: 00 | E43: 41150 | F43: 120 | G43: 01 | J43: =J44 -> 200 | K43: =K44 -> 170.2 | L43: =L44 -> 139.8
A44: Функционирование высшего должностного лица субъекта Российской Федерации и муниципального образования | B44: 65 | C44: 1 | D44: 00 | E44: 41150 | F44: 120 | G44: 01 | H44: 02 | J44: =J45 -> 200 | K44: =K45 -> 170.2 | L44: =L45 -> 139.8
A45: Администрация Трофимовщинского сельского поселения Ромодановского муниципального района Республики Мордовия | B45: 65 | C45: 1 | D45: 00 | E45: 41150 | F45: 120 | G45: 01 | H45: 02 | I45: 924 | J45: ='Приложение 3'!J14 -> 200 | K45: ='Приложение 3'!K14 -> 170.2 | L45: ='Приложение 3'!L14 -> 139.8
A46: ='Приложение 4'!A72 -> Условно утвержденные расходы | B46: 65 | C46: 1 | D46: 00 | E46: 41990 | K46: =K47 -> 29.8 | L46: =L47 -> 60.2
A47: ='Приложение 4'!A73 -> Иные бюджетные ассигнования | B47: 65 | C47: 1 | D47: 00 | E47: 41990 | F47: 800 | K47: =K48 -> 29.8 | L47: =L48 -> 60.2
A48: ='Приложение 4'!A74 -> Резервные средства | B48: 65 | C48: 1 | D48: 00 | E48: 41990 | F48: 870 | K48: =K49 -> 29.8 | L48: =L49 -> 60.2
A49: ='Приложение 4'!A68 -> Условно утвержденные расходы | B49: 65 | C49: 1 | D49: 00 | E49: 41990 | F49: 870 | G49: 99 | K49: =K50 -> 29.8 | L49: =L50 -> 60.2
A50: ='Приложение 4'!A69 -> Условно утвержденные расходы | B50: 65 | C50: 1 | D50: 00 | E50: 41990 | F50: 870 | G50: 99 | H50: 99 | K50: =K51 -> 29.8 | L50: =L51 -> 60.2
A51: Администрация Трофимовщинского сельского поселения Ромодановского муниципального района Республики Мордовия | B51: 65 | C51: 1 | D51: 00 | E51: 41990 | F51: 870 | G51: 99 | H51: 99 | I51: 924 | K51: ='Приложение 4'!J74 -> 29.8 | L51: ='Приложение 4'!K74 -> 60.2
A52: ='Приложение 3'!A17 -> Расходы в рамках обеспечения деятельности Администрации Трофимовщинского сельского поселения | B52: 65 | C52: 2 | J52: =J53+J59 -> 445.2 | K52: =K53+K59 -> 456.2 | L52: =L53+L59 -> 469
A53: Расходы на выплаты по оплате труда работников органов местного самоуправления | B53: 65 | C53: 2 | D53: 00 | E53: 41110 | J53: =J54 -> 300 | K53: =K54 -> 300 | L53: =L54 -> 300
A54: Расходы на выплаты персоналу в целях обеспечения выполнения функций государственными (муниципальными) органами, казенными учреждениями, органами управления государственными внебюджетными фондами | B54: 65 | C54: 2 | D54: 00 | E54: 41110 | F54: 100 | J54: =J55 -> 300 | K54: =K55 -> 300 | L54: =L55 -> 300
A55: Расходы на выплаты персоналу государственных (муниципальных) органов | B55: 65 | C55: 2 | D55: 00 | E55: 41110 | F55: 120 | J55: =J56 -> 300 | K55: =K56 -> 300 | L55: =L56 -> 300
A56: Общегосударственные вопросы | B56: 65 | C56: 2 | D56: 00 | E56: 41110 | F56: 120 | G56: 01 | J56: =J57 -> 300 | K56: =K57 -> 300 | L56: =L57 -> 300
A57: Функционирование Правительства Российской Федерации, высших исполнительных органов государственной власти субъектов Российской Федерации, местных администраций | B57: 65 | C57: 2 | D57: 00 | E57: 41110 | F57: 120 | G57: 01 | H57: 04 | J57: =J58 -> 300 | K57: =K58 -> 300 | L57: =L58 -> 300
A58: Администрация Трофимовщинского сельского поселения Ромодановского муниципального района Республики Мордовия | B58: 65 | C58: 2 | D58: 00 | E58: 41110 | F58: 120 | G58: 01 | H58: 04 | I58: 924 | J58: ='Приложение 3'!J20 -> 300 | K58: ='Приложение 3'!K20 -> 300 | L58: ='Приложение 3'!L20 -> 300
A59: ='Приложение 3'!A21 -> Расходы на обеспечение функций органов местного самоуправления | B59: 65 | C59: 2 | D59: 00 | E59: 41120 | J59: =J60 -> 145.2 | K59: =K60 -> 156.2 | L59: =L60 -> 169
A60: Закупка товаров, работ и услуг для обеспечения государственных (муниципальных) нужд | B60: 65 | C60: 2 | D60: 00 | E60: 41120 | F60: 200 | J60: =J61+J65 -> 145.2 | K60: =K61+K65 -> 156.2 | L60: =L61+L65 -> 169
A61: Иные закупки товаров, работ и услуг для обеспечения государственных (муниципальных) нужд | B61: 65 | C61: 2 | D61: 00 | E61: 41120 | F61: 240 | J61: =J62 -> 142.2 | K61: =K62 -> 153.2 | L61: =L62 -> 166
A62: Общегосударственные вопросы | B62: 65 | C62: 2 | D62: 00 | E62: 41120 | F62: 240 | G62: 01 | J62: =J63 -> 142.2 | K62: =K63 -> 153.2 | L62: =L63 -> 166
A63: Функционирование Правительства Российской Федерации, высших исполнительных органов государственной власти субъектов Российской Федерации, местных администраций | B63: 65 | C63: 2 | D63: 00 | E63: 41120 | F63: 240 | G63: 01 | H63: 04 | J63: =J64 -> 142.2 | K63: =K64 -> 153.2 | L63: =L64 -> 166
A64: Администрация Трофимовщинского сельского поселения Ромодановского муниципального района Республики Мордовия | B64: 65 | C64: 2 | D64: 00 | E64: 41120 | F64: 240 | G64: 01 | H64: 04 | I64: 924 | J64: ='Приложение 3'!J23 -> 142.2 | K64: ='Приложение 3'!K23 -> 153.2 | L64: ='Приложение 3'!L23 -> 166
A65: Иные бюджетные ассигнования | B65: 65 | C65: 2 | D65: 00 | E65: 41120 | F65: 800 | J65: =J66 -> 3 | K65: =K66 -> 3 | L65: =L66 -> 3
A66: Уплата налогов, сборов и иных платежей | B66: 65 | C66: 2 | D66: 00 | E66: 41120 | F66: 850 | J66: =J67 -> 3 | K66: =K67 -> 3 | L66: =L67 -> 3
A67: Общегосударственные вопросы | B67: 65 | C67: 2 | D67: 00 | E67: 41120 | F67: 850 | G67: 01 | J67: =J68 -> 3 | K67: =K68 -> 3 | L67: =L68 -> 3
A68: Функционирование Правительства Российской Федерации, высших исполнительных органов государственной власти субъектов Российской Федерации, местных администраций | B68: 65 | C68: 2 | D68: 00 | E68: 41120 | F68: 850 | G68: 01 | H68: 04 | J68: =J69 -> 3 | K68: =K69 -> 3 | L68: =L69 -> 3
A69: Администрация Трофимовщинского сельского поселения Ромодановского муниципального района Республики Мордовия | B69: 65 | C69: 2 | D69: 00 | E69: 41120 | F69: 850 | G69: 01 | H69: 04 | I69: 924 | J69: ='Приложение 3'!J25 -> 3 | K69: ='Приложение 3'!K25 -> 3 | L69: ='Приложение 3'!L25 -> 3
A70: Непрограммные расходы главных распорядителей средств бюджета Ромодановского муниципального района Республики Мордовия | B70: 89 | J70: =J71 -> 212.9 | K70: =K71 -> 212.9 | L70: =L71 -> 212.9
A71: Непрограммные расходы в рамках обеспечения деятельности главных распорядителей средств бюджета Ромодановского муниципального района Республики Мордовия | B71: 89 | C71: 1 | J71: =J72+J78+J84 -> 212.9 | K71: =K72+K78+K84 -> 212.9 | L71: =L72+L78+L84 -> 212.9
A72: ='Приложение 3'!A65 -> Доплаты к пенсиям муниципальных служащих Республики Мордовия | B72: 89 | C72: 1 | D72: 00 | E72: 03010 | J72: =J73 -> 207.7 | K72: =K73 -> 207.7 | L72: =L73 -> 207.7
A73: ='Приложение 3'!A66 -> Социальное обеспечение и иные выплаты населению | B73: 89 | C73: 1 | D73: 00 | E73: 03010 | F73: 300 | J73: =J74 -> 207.7 | K73: =K74 -> 207.7 | L73: =L74 -> 207.7
A74: ='Приложение 3'!A67 -> Публичные нормативные социальные выплаты гражданам | B74: 89 | C74: 1 | D74: 00 | E74: 03010 | F74: 310 | J74: =J75 -> 207.7 | K74: =K75 -> 207.7 | L74: =L75 -> 207.7
A75: ='Приложение 3'!A61 -> Социальная политика | B75: 89 | C75: 1 | D75: 00 | E75: 03010 | F75: 310 | G75: 10 | J75: =J76 -> 207.7 | K75: =K76 -> 207.7 | L75: =L76 -> 207.7
A76: ='Приложение 3'!A62 -> Пенсионное обеспечение | B76: 89 | C76: 1 | D76: 00 | E76: 03010 | F76: 310 | G76: 10 | H76: 01 | J76: =J77 -> 207.7 | K76: =K77 -> 207.7 | L76: =L77 -> 207.7
A77: =A69 -> Администрация Трофимовщинского сельского поселения Ромодановского муниципального района Республики Мордовия | B77: 89 | C77: 1 | D77: 00 | E77: 03010 | F77: 310 | G77: 10 | H77: 01 | I77: 924 | J77: ='Приложение 3'!J67 -> 207.7 | K77: ='Приложение 3'!K67 -> 207.7 | L77: ='Приложение 3'!L67 -> 207.7
A78: ='Приложение 3'!A34 -> Резервный фонд Администрации Трофимовщинского сельского поселени Ромодановского муниципального района Республики Мордовия | B78: 89 | C78: 1 | D78: 00 | E78: 41180 | J78: =J79 -> 5 | K78: =K79 -> 5 | L78: =L79 -> 5
A79: ='Приложение 3'!A35 -> Иные бюджетные ассигнования | B79: 89 | C79: 1 | D79: 00 | E79: 41180 | F79: 800 | J79: =J80 -> 5 | K79: =K80 -> 5 | L79: =L80 -> 5
A80: ='Приложение 3'!A36 -> Резервные средства | B80: 89 | C80: 1 | D80: 00 | E80: 41180 | F80: 870 | J80: =J81 -> 5 | K80: =K81 -> 5 | L80: =L81 -> 5
A81: ='Приложение 3'!A8 -> Общегосударственные вопросы | B81: 89 | C81: 1 | D81: 00 | E81: 41180 | F81: 870 | G81: 01 | J81: =J82 -> 5 | K81: =K82 -> 5 | L81: =L82 -> 5
A82: ='Приложение 3'!A31 -> Резервные фонды | B82: 89 | C82: 1 | D82: 00 | E82: 41180 | F82: 870 | G82: 01 | H82: 11 | J82: =J83 -> 5 | K82: =K83 -> 5 | L82: =L83 -> 5
A83: =A77 -> Администрация Трофимовщинского сельского поселения Ромодановского муниципального района Республики Мордовия | B83: 89 | C83: 1 | D83: 00 | E83: 41180 | F83: 870 | G83: 01 | H83: 11 | I83: 924 | J83: ='Приложение 3'!J36 -> 5 | K83: ='Приложение 3'!K36 -> 5 | L83: ='Приложение 3'!L36 -> 5
A84: Осуществление государственных полномочий Республики Мордовия по определению перечня должностных лиц, уполномоченных составлять протоколы об административных правонарушениях, предусмотренных Законом Республики Мордовия от 15 июня 2015 года № 38-З "Об административной ответственности на территории Республики Мордовия" | B84: 89 | C84: 1 | D84: 00 | E84: 77150 | J84: =J85 -> 0.2 | K84: =K85 -> 0.2 | L84: =L85 -> 0.2
A85: Закупка товаров, работ и услуг для обеспечения государственных (муниципальных) нужд | B85: 89 | C85: 1 | D85: 00 | E85: 77150 | F85: 200 | J85: =J86 -> 0.2 | K85: =K86 -> 0.2 | L85: =L86 -> 0.2
A86: Иные закупки товаров, работ и услуг для обеспечения государственных (муниципальных) нужд | B86: 89 | C86: 1 | D86: 00 | E86: 77150 | F86: 240 | J86: =J87 -> 0.2 | K86: =K87 -> 0.2 | L86: =L87 -> 0.2
A87: Общегосударственные вопросы | B87: 89 | C87: 1 | D87: 00 | E87: 77150 | F87: 240 | G87: 01 | J87: =J88 -> 0.2 | K87: =K88 -> 0.2 | L87: =L88 -> 0.2
A88: Функционирование Правительства Российской Федерации, высших исполнительных органов государственной власти субъектов Российской Федерации, местных администраций | B88: 89 | C88: 1 | D88: 00 | E88: 77150 | F88: 240 | G88: 01 | H88: 04 | J88: =J89 -> 0.2 | K88: =K89 -> 0.2 | L88: =L89 -> 0.2
A89: Администрация Трофимовщинского сельского поселения Ромодановского муниципального района Республики Мордовия | B89: 89 | C89: 1 | D89: 00 | E89: 77150 | F89: 240 | G89: 01 | H89: 04 | I89: 924 | J89: ='Приложение 3'!J30 -> 0.2 | K89: ='Приложение 3'!K30 -> 0.2 | L89: ='Приложение 3'!L30 -> 0.2

Sheet прил 6
C1: Приложение 6
C2: к проекту решения Совета депутатов Трофимовщинского сельского поселения Ромодановского муниципального района Республики Мордовия "О бюджете Трофимовщинского сельского поселения Ромодановского муниципального района Республики Мордовия на 2023 год и на плановый период 2024 и 2025 годов"
A3: ИСТОЧНИКИ ВНУТРЕННЕГО ФИНАНСИРОВАНИЯ ДЕФИЦИТА БЮДЖЕТА ТРОФИМОВЩИНСКОГО СЕЛЬСКОГО ПОСЕЛЕНИЯ РОМОДАНОВСКОГО МУНИЦИПАЛЬНОГО РАЙОНА РЕСПУБЛИКИ МОРДОВИЯ НА 2023 ГОД И НА ПЛАНОВЫЙ ПЕРИОД 2024 и 2025 ГОДОВ
A7: Код | B7: Наименование кода группы, подгруппы, статьи, вида источника финансирования дефицитов бюджетов, кода классификации операций сектора государственного управления, относящихся к источникам финансирования дефицитов бюджетов Российской Федерации | C7: Сумма (тыс. руб.)
C8: 2023 год | D8: 2024 год | E8: 2025 год
A9: 1 | B9: 2 | C9: 3 | D9: 4 | E9: 5
A10: 000 01 00 00 00 00 0000 000 | B10: ИСТОЧНИКИ ВНУТРЕННЕГО ФИНАНСИРОВАНИЯ ДЕФИЦИТОВ БЮДЖЕТОВ | C10: =C11+C22+C14+C18 -> 0 | D10: =D11+D22+D14+D18 -> 0 | E10: =E11+E22+E14+E18 -> 0
A11: 000 01 02 00 00 00 0000 000 | B11: Кредиты кредитных организаций в валюте Российской Федерации | C11: =SUM(C12) -> 0 | D11: =SUM(D12) -> 0 | E11: =SUM(E12) -> 0
A12: 000 01 02 00 00 00 0000 700 | B12: Привлечение кредитов от кредитных организаций в валюте Российской Федерации | C12: =SUM(C13) -> 0 | D12: =SUM(D13) -> 0 | E12: =SUM(E13) -> 0
A13: 000 01 02 00 00 05 0000 710 | B13: Привлечение кредитов от кредитных организаций бюджетами муниципальных районов в валюте Российской Федерации
A14: 000 01 03 00 00 00 0000 000 | B14: Бюджетные кредиты из других бюджетов бюджетной системы Российской Федерации | C14: =C15 -> -40.1 | D14: =D15 -> -53.4 | E14: =E15 -> -66.8
A15: 000 01 03 01 00 00 0000 000 | B15: Бюджетные кредиты из других бюджетов бюджетной системы Российской Федерации в валюте Российской Федерации | C15: =C16 -> -40.1 | D15: =D16 -> -53.4 | E15: =E16 -> -66.8
A16: 000 01 03 01 00 00 0000 800 | B16: Погашение бюджетных кредитов, полученных из других бюджетов бюджетной системы Российской Федерации в валюте Российской Федерации | C16: =SUM(C17) -> -40.1 | D16: =SUM(D17) -> -53.4 | E16: =SUM(E17) -> -66.8
A17: 000 01 03 01 00 10 0000 810 | B17: Погашение бюджетами сельских поселений кредитов из других бюджетов бюджетной системы Российской Федерации в валюте Российской Федерации | C17: -40.1 | D17: -53.4 | E17: -66.8
A18: 000 01 06 00 00 00 0000 000 | B18: Иные источники внутреннего финансирования дефицитов бюджетов | C18: =C19 -> 0 | D18: =D19 -> 0 | E18: =E19 -> 0
A19: 000 01 06 05 00 00 0000 000 | B19: Бюджетные кредиты, предоставленные внутри страны в валюте Российской Федерации | C19: =C20 -> 0 | D19: =D20 -> 0 | E19: =E20 -> 0
A20: 000 01 06 05 02 00 0000 600 | B20: Возврат бюджетных кредитов, предоставленных другим бюджетам бюджетной системы Российской Федерации в валюте Российской Федерации | C20: =C21 -> 0 | D20: =D21 -> 0 | E20: =E21 -> 0
A21: 000 01 06 05 02 05 0000 640 | B21: Возврат бюджетных кредитов, предоставленных другим бюджетам бюджетной системы Российской Федерации из бюджетов муниципальных районов в валюте Российской Федерации | C21: 0 | D21: 0 | E21: 0
A22: 000 01 05 00 00 00 0000 000 | B22: Изменения остатков средств на счетах по учету средств бюджета | C22: 40.1 | D22: 53.4 | E22: 66.8
A23: 000 01 05 02 00 00 0000 500 | B23: Увеличение прочих остатков средств бюджетов | C23: =SUM(C24) -> -1272.4 | D23: =SUM(D24) -> -1286.6 | E23: =SUM(E24) -> -1299.4
A24: 000 01 05 02 01 00 0000 510 | B24: Увеличение прочих остатков денежных средств бюджетов | C24: =SUM(C25) -> -1272.4 | D24: =SUM(D25) -> -1286.6 | E24: =SUM(E25) -> -1299.4
A25: 000 01 05 02 01 10 0000 510 | B25: Увеличение прочих остатков денежных средств бюджетов сельских поселений | C25: =-'Приложение 3'!J7 -> -1272.4 | D25: =-'Приложение 3'!K7 -> -1286.6 | E25: =-'Приложение 3'!L7 -> -1299.4
A26: 000 01 05 02 00 00 0000 600 | B26: Уменьшение прочих остатков средств бюджетов | C26: =SUM(C27) -> 1312.5 | D26: =SUM(D27) -> 1340 | E26: =SUM(E27) -> 1366.2
A27: 000 01 05 02 01 00 0000 610 | B27: Уменьшение прочих остатков денежных средств бюджетов | C27: =SUM(C28) -> 1312.5 | D27: =SUM(D28) -> 1340 | E27: =SUM(E28) -> 1366.2
A28: 000 01 05 02 01 05 0000 610 | B28: Уменьшение прочих остатков денежных средств бюджетов муниципальных районов | C28: ='Приложение 3'!J7+'прил 6'!C22 -> 1312.5 | D28: ='Приложение 3'!K7+'прил 6'!D22 -> 1340 | E28: ='Приложение 3'!L7+'прил 6'!E22 -> 1366.2
A29: 000 01 00 00 00 00 0000 000 | B29: Итого источников внутреннего финансирования дефицита бюджета Трофимовщинского сельского поселения Ромодановского муниципального района Республики Мордовия | C29: 0 | D29: 0 | E29: 0
B30: собственные доходы | C30: 957.9 | D30: 968.9 | E30: 981.7

Sheet прил7
D2: Приложение 7
D3: к проекту решения Совета депутатов Трофимовщинского сельского поселения Ромодановского муниципального района Республики Мордовия "О бюджете Трофимовщинского сельского поселения Ромодановского муниципального района Республики Мордовия на 2023 год и на плановый период 2024 и 2025 годов"
A4: ПРОГРАММА МУНИЦИПАЛЬНЫХ ВНУТРЕННИХ ЗАИМСТВОВАНИЙ ТРОФИМОВЩИНСКОГО СЕЛЬСКОГО ПОСЕЛЕНИЯ РОМОДАНОВСКОГО МУНИЦИПАЛЬНОГО РАЙОНА РЕСПУБЛИКИ МОРДОВИЯ НА 2023 ГОД И НА ПЛАНОВЫЙ ПЕРИОД 2024 И 2025 ГОДОВ
A8: № п/п | B8: ВИДЫ ЗАИМСТВОВАНИЙ | C8: Сумма (тыс. рублей)
C9: 2023 год | D9: 2024 год | E9: 2025 год
A10: 1 | B10: 2 | C10: 3 | D10: 4 | E10: 5
A11: ВСЕГО
A12: I | B12: Кредиты кредитных организаций в валюте Российской Федерации | C12: =C14 -> 0 | D12: =D14 -> 0 | E12: =E14 -> 0
B13: в том числе
A14: 1 | B14: Объем привлечения
A15: 2 | B15: Объем средств, направляемых на погашение основной суммы долга
A16: 11 | B16: Бюджетные кредиты от других бюджетов бюджетной системы Российской Федерации | C16: =C19 -> -40.1 | D16: =D19 -> -53.4 | E16: =E19 -> -66.8
B17: в том числе
A18: 1 | B18: Объем привлечения
A19: 2 | B19: Объем средств, направляемых на погашение основной суммы долга | C19: ='прил 6'!C17 -> -40.1 | D19: ='прил 6'!D17 -> -53.4 | E19: ='прил 6'!E17 -> -66.8
B20: ВСЕГО | C20: =C14+C19 -> -40.1 | D20: =D14+D19 -> -53.4 | E20: =E14+E19 -> -66.8
